 Dungeon Crawl Stone Soup version 0.28.0 (webtiles) character file.

Game seed: 12169094911657015992

183 Ajdolov the Chopper (level 5, -4/41 HPs)
             Began as a Formicid Fighter on Feb 16, 2022.
             Was a Follower of Uskayaw.
             Slain by an orc warrior (16 damage)
             ... on level 2 of the Dungeon.
             The game lasted 00:05:43 (3639 turns).

Ajdolov the Chopper (Formicid Fighter)              Turns: 3639, Time: 00:05:44

Health: -4/41      AC:  9    Str: 22    XL:     5   Next: 94%
Magic:  5/5        EV:  7    Int:  8    God:    Uskayaw [*.....]
Gold:   102        SH:  4    Dex: 10    Spells: 4/4 levels left

rFire   . . .      SeeInvis +   a - +0 war axe
rCold   . . .      Faith    .   c - +0 buckler
rNeg    . . .      Spirit   .   j - +0 chain mail
rPois   .          Reflect  .   (helmet unavailable)
rElec   .          Harm     .   (no cloak)
rCorr   .          Rampage  .   (no gloves)
Will    .....                   (no boots)
Stlth   ..........              (no amulet)
HPRegen 0.13/turn               (no ring)
MPRegen 0.09/turn               (no ring)

@: no status effects
A: permanent stasis, dig shafts and tunnels, antennae 3, four strong arms
a: Dig, Shaft Self, Renounce Religion, Stomp


You were on level 2 of the Dungeon.
You worshipped Uskayaw.
Uskayaw was noncommittal.
You visited 1 branch of the dungeon, and saw 3 of its levels.

You collected 150 gold pieces.
You spent 48 gold pieces at shops.

Inventory:

Hand Weapons
 a - a +0 war axe (weapon)
Armour
 c - a +0 buckler (worn)
 j - a +0 chain mail (worn)
Scrolls
 e - a scroll of amnesia
 f - a scroll of vulnerability {unknown}
 g - a scroll of identify
 h - a scroll of brand weapon {unknown}


   Skills:
 - Level 3.2 Fighting
 * Level 5.5 Axes
 - Level 3.2 Armour
 - Level 3.6 Shields
 + Level 1.2 Invocations


You had 4 spell levels left.
You didn't know any spells.
Your spell library was empty.

Dungeon Overview and Level Annotations

Branches:
Dungeon (3/15)

Altars:
Uskayaw

Shops:
D:1 ?


Innate Abilities, Weirdness & Mutations

You cannot be hasted, slowed, berserked, paralysed or teleported.
You can dig through walls and to a lower floor.
You have a pair of large antennae on your head. (SInv)
Your four strong arms can wield two-handed weapons with a shield.


Message History

You slash the goblin!
You kill the goblin!
You slash the bat!
You kill the bat!
No target in view!
You start resting.
An orc warrior is nearby!
There is a stone staircase leading down here.
There is a stone staircase leading down here.
A dart slug comes into view.
You aren't carrying any items that you can evoke.
Things that are here:
a +0 dagger; a kobold corpse
There is a stone staircase leading up here.
You barely miss the dart slug. The dart slug barely misses you.
You hit the dart slug but do no damage. The dart slug closely misses you.
You block the orc warrior's attack.
You climb upwards.
There is a stone staircase leading down here.
You slash the dart slug!
The dart slug is almost dead.
The dart slug bites you but does no damage.
Okay, then.
You slash the dart slug!
You kill the dart slug!
You hit the orc warrior but do no damage.
The orc warrior hits you with a +0 war axe! x2
You hit the orc warrior but do no damage.
The orc warrior hits you with a +0 war axe.
You hit the orc warrior but do no damage.
The orc warrior hits you with a +0 war axe.
The orc warrior hits you with a +0 war axe.
* * * LOW HITPOINT WARNING * * *
You hit the orc warrior.
The orc warrior is moderately wounded.
You block the orc warrior's attack.
You slash the orc warrior!
The orc warrior is heavily wounded.
The orc warrior hits you with a +0 war axe!
You die...

#.##.....# #####.# #.#.###
#..).....# #.....# #.....#
#.##.....# #>##### ##.....#
#.##.....###†# ##..._..#
#..........#.# #........
######.###.#.# #.#.....# #.#
#.#.# ######.###.### #.#
#.#.#######......###.### #.#
#.#...o@.........)......
#.###.#########.#^.(.....###
#.................########
###################


You could see an orc warrior.

Vanquished Creatures
  An orc priest (D:2)
  4 gnolls
  2 adders (D:2)
  3 dart slugs
  3 orcs (D:3)
  4 ball pythons (D:1)
  8 endoplasms
  14 giant cockroaches
  10 goblins
  4 hobgoblins
  3 jackals (D:2)
  3 quokkas
  9 bats
  4 frilled lizards
  4 kobolds
  4 rats
80 creatures vanquished.

Vanquished Creatures (others)
  7 plants (D:1)
7 creatures vanquished.

Grand Total: 87 creatures vanquished

Notes
Turn   | Place    | Note
-------+----------+-------------------------------------------
     0 | D:1      | Ajdolov the Formicid Fighter began the quest for the Orb.
     0 | D:1      | Reached XP level 1. HP: 18/18 MP: 1/1
   138 | D:1      | Reached XP level 2. HP: 24/24 MP: 2/2
   424 | D:1      | Found a faded altar of an unknown god.
   473 | D:1      | Reached skill level 3 in Axes
   629 | D:1      | Reached XP level 3. HP: 26/29 MP: 3/3
   870 | D:1      | Found Dij Qae's Magic Scroll Boutique.
   921 | D:1      | Bought 2 scrolls of identify for 48 gold pieces
  1166 | D:2      | Found a hide-covered altar of Uskayaw.
  1207 | D:2      | Became a worshipper of Uskayaw the Reveller
  1249 | D:2      | Reached * piety under Uskayaw
  1738 | D:1      | Reached ** piety under Uskayaw
  1739 | D:1      | Reached skill level 4 in Axes
  1739 | D:1      | Reached XP level 4. HP: 25/35 MP: 4/4
  2327 | D:2      | Reached XP level 5. HP: 40/41 MP: 5/5
  2471 | D:2      | Reached *** piety under Uskayaw
  2472 | D:2      | Reached skill level 5 in Axes
  2480 | D:2      | Reached **** piety under Uskayaw
  2660 | D:2      | Identified the +1 cloak of Kantashe {Rampage Drain *Slow
                  | Dex+5}
  2947 | D:3      | Noticed an orc warrior
  2990 | D:2      | HP: 2/41 [poisoned by an orc priest]
  2991 | D:2      | Reached skill level 1 in Invocations
  3639 | D:2      | Slain by an orc warrior

Illustrated notes

Levels and vault maps discovered:
D:1:      dpeg_arrival_rooms_a, layout_basic,
          dilly_ecumenical_altar_fadedgnrine, serial_shops,
          nicolae_shop_waterfront
D:2:      minmay_roachtagon, layout_loops_ring, basic_altar
D:3:      layout_basic, minmay_checkerbox

Skill      XL: |  1  2  3  4  5 |
---------------+----------------+-----
Axes           | 3 4 5 |  5.5
Invocations    | 1 |  1.2
Fighting       | |  3.2
Armour         | |  3.2
Shields        | |  3.6

Action                   |  1- 3 |  4- 6 || total
-------------------------+-------+-------++-------
Melee: War axe           |    84 |   125 ||   209
Invok: Line Pass         |       |     1 ||     1
  Use: Scroll            |     1 |       ||     1
       Potion            |       |     2 ||     2
 Stab: Paralysed         |       |     4 ||     4
Armor: Scale mail        |    36 |    67 ||   103
       Chain mail        |       |    26 ||    26
Dodge: Dodged            |    50 |    79 ||   129
Block: Buckler           |    15 |    32 ||    47
